 Dungeon Crawl Stone Soup version 0.29.0-5-ge4962eb29e (webtiles) character file.

Game seed: 511759879814310303

8970 Arcadio the Fighter (level 11, -7/93 HPs)
             Began as a Barachi Arcane Marksman on Aug 28, 2022.
             Was a High Priest of Fedhas.
             Mangled by a troll (8 damage)
             ... on level 10 of the Dungeon on Aug 29, 2022.
             The game lasted 01:08:50 (19035 turns).

Arcadio the Fighter (Barachi Arcane Marksman)      Turns: 19035, Time: 01:08:51

Health: -7/93      AC: 11    Str: 12    XL:     11   Next: 39%
Magic:  3/6        EV: 20    Int: 13    God:    Fedhas [*****.]
Gold:   306        SH:  0    Dex: 23    Spells: 6/20 levels left

rFire   . . .      SeeInvis .   b - +3 long sword "Aghiecw" {antimagic, *Rage rPois Stlth+}
rCold   . . .      Faith    .   (no shield)
rNeg    . . .      Spirit   .   G - +2 robe {Archmagi}
rPois   +          Reflect  .   q - +1 helmet
rElec   .          Harm     .   Y - +1 cloak
rCorr   .          Rampage  .   (no gloves)
Will    +....      Archmagi +   k - +2 pair of boots
Stlth   +++....... Rage     20% (no amulet)
HPRegen 0.25/turn               l - ring of willpower
MPRegen 0.10/turn               y - +6 ring of dexterity

@: about to teleport, unable to hop, on berserk cooldown, slowed, very slow
A: amphibious, slowness 1, strong legs 1, +LOS
a: Hop, Renounce Religion, Wall of Briars, Grow Ballistomycete, Overgrow, Grow
Oklob


You were on level 10 of the Dungeon.
You worshipped Fedhas.
Fedhas was extremely pleased with you.
You visited 2 branches of the dungeon, and saw 11 of its levels.
You also visited: Sewer.

You collected 788 gold pieces.
You spent 463 gold pieces at shops.
You donated 19 gold pieces to Zin.

Inventory:

Hand Weapons
 a - a +3 shortbow
 b - the +3 long sword "Aghiecw" (weapon) {antimagic, *Rage rPois Stlth+}
   (You found it on level 9 of the Dungeon)

   It reduces the magical energy of the wielder, and disrupts the spells and
   magical abilities of those it strikes.
   Natural abilities and divine invocations are not affected.
   rPois:     It protects you from poison.
   *Rage:     It berserks you when you make melee attacks (+20% chance).
   Stlth:     It makes you more stealthy.
 h - a +0 short sword
 p - a +0 whip of venom
 x - a +2 spear of freezing
 B - a +1 sling
 I - a +4 trident
 K - a +0 shortbow of flaming
 P - a +0 vampiric halberd
 Q - a +4 battleaxe of freezing
 S - a +6 long sword
 T - a +1 scimitar of holy wrath
Missiles
 n - 8 throwing nets
Armour
 c - a +0 robe
 k - a +2 pair of boots (worn)
 q - a +1 helmet (worn)
 s - a scarf of resistance
 E - a +0 cloak
 G - a +2 robe of the Archmagi (worn)
 L - a +0 kite shield
 N - a +1 ring mail of fire resistance
 R - a +1 robe of fire resistance
 Y - a +1 cloak (worn)
Jewellery
 i - an amulet of guardian spirit
 l - a ring of willpower (left hand)
 v - a ring of flight
 y - a +6 ring of dexterity (right hand)
 F - a ring of ice
 W - a ring of protection from cold
Wands
 u - a wand of flame (69)
 J - a wand of charming (7)
 M - a wand of iceblast (13)
 O - a wand of mindburst (12)
 U - a wand of polymorph (5)
Scrolls
 d - 6 scrolls of blinking
 e - 11 scrolls of teleportation
 f - 2 scrolls of poison
 m - a scroll of vulnerability
 r - 2 scrolls of enchant weapon
 w - 6 scrolls of fear
 z - a scroll of butterflies
 C - a scroll of magic mapping
 D - a scroll of enchant armour
Potions
 g - 2 potions of resistance
 j - 5 potions of mutation
 o - 3 potions of curing
 t - a potion of lignification
 A - 2 potions of berserk rage
 H - a potion of flight
 V - a potion of cancellation {unknown}
 X - 2 potions of brilliance {unknown}


   Skills:
 * Level 11.5 Fighting
 + Level 9.1 Ranged Weapons
 + Level 10.0 Dodging
 + Level 5.3 Spellcasting
 - Level 5.6 Hexes
 + Level 2.6 Invocations


You had 6 spell levels left.
You knew the following spells:

 Your Spells              Type           Power      Damage    Failure   Level
a - Slow                  Hex            100%       N/A       1%          1
b - Inner Flame           Hex/Fire       16%        N/A       17%         3
c - Portal Projectile     Hex/Tloc       32%        N/A       17%         3
d - Cause Fear            Hex            13%        N/A       19%         4
e - Confusing Touch       Hex            27%        N/A       5%          3

Your spell library contained the following spells:

 Spells                   Type           Power      Damage    Failure   Level
 Silence                  Hex/Air        8%         N/A       85%         5
 Yara's Violent Unravell  Hex/Tmut       8%         3d5       85%         5
 Passage of Golubria      Tloc           5%         N/A       87%         4
 Enfeeble                 Hex            13%        N/A       100%        7
 Lehudib's Crystal Spear  Conj/Erth      2%         10d2      100%        8


Dungeon Overview and Level Annotations

Branches:
Dungeon (10/15) Zot: 26247  Temple (1/1) D:6 Zot: 5855     Orc (0/2) D:9
  Sewer (visited)
   Lair: D:8-11

Altars:
Ashenzari
Cheibriados
Dithmenos
Elyvilon
Fedhas
Gozag
Hepliaklqana
Kikubaaqudgha
Makhleb
Nemelex Xobeh
Okawaru
Qazlal
Ru
Sif Muna
Trog
Uskayaw
Wu Jian
Xom
Yredelemnul
Zin
The Shining One

Shops:
D:5 (   D:6 *   D:7 [   D:9 ([

Annotations:
D:10 Josephine


Innate Abilities, Weirdness & Mutations

You are amphibious.
You cover ground slowly.
You can hop short distances.
You have an extended range of vision and can be seen from far away.


Message History

You feel much better. The troll bites you! The troll misses you.
The troll completely misses you.
A wraith comes into view.
The troll bites your ballistomycete! The troll claws your ballistomycete. x2
The wraith hits your ballistomycete!
The wraith drains your ballistomycete's vigour!
The troll bites your ballistomycete. The troll claws your ballistomycete!
Your ballistomycete is destroyed!
Your ballistomycete disappears in a puff of smoke!
The wraith moves out of view.
Okay, then.
Okay, then.
Okay, then.
As you read the scroll of butterflies, it crumbles to dust.
You hear the tinkle of a tiny bell.
The troll closely misses your butterfly.
The troll claws your butterfly.
Your butterfly dies!
Your butterfly disappears in a burst of colours!
The wraith misses you.
The shadow strikes at your butterfly from the darkness!
Your butterfly dies!
Your butterfly disappears in a burst of colours!
You swap places.
The wraith hits your butterfly.
Your butterfly dies!
Your butterfly disappears in a burst of colours!
The shadow strikes at your butterfly from the darkness!
Your butterfly dies!
Your butterfly disappears in a burst of colours!
The troll bites you!
* * * LOW HITPOINT WARNING * * *
The troll completely misses you. The troll claws you but does no damage.
As you read the scroll of teleportation, it crumbles to dust.
You feel strangely unstable. The wraith misses you. The troll bites you!
* * * LOW HITPOINT WARNING * * *
The troll claws you!
* * * LOW HITPOINT WARNING * * *
The troll claws you!
You die...
Fedhas appreciates your contribution to the ecosystem.

#.... '.D .'# ....... #....
#.###.# #..... ....###.....#
.. ###### #.#...#...#...#. #
#........$..!... ##
###.D###..###### #. #..##
#.## #. ####'## #..##+######
#. #....{#### #@........# ##'
#....W†..# #TW.bb....# #..
#.....##.# #...b.....# ###..
#.....##.# #...b..b..####.'..
#.....##.###...b..b..#....#..
###'####{..'.........'.######
#.# #####.........### #.#
######'#### #.# #.#


You could see a troll (ally target) and a wraith (ally target).

Vanquished Creatures
  A two-headed ogre (D:9)
  Joseph (D:9)
  Maurice (D:8)
  A hornet (D:10)
  Prince Ribbit (D:8)
  Sigmund (D:5)
  11 yaks
  A wraith (D:10)
  Grum (D:8)
  3 vampire mosquitoes
  A steam dragon (D:5)
  An acid dragon (D:10)
  2 water moccasins
  3 sky beasts (D:7)
  An ice beast (D:6)
  2 black bears (D:5)
  5 wolves
  An ogre (D:6)
  A phantom (D:5)
  4 centaurs
  A kobold brigand (D:7)
  6 gnoll sergeants
  7 bullfrogs
  A necrophage (D:6)
  A scorpion (D:6)
  2 wights (D:9)
  5 killer bees
  3 howler monkeys (D:9)
  3 jellies
  7 hounds
  5 gnoll boudas
  2 orc priests
  3 iguanas
  5 orc wizards
  46 gnolls
  12 adders
  5 river rats (Sewer)
  2 shadow imps
  3 white imps
  An ufetubus (D:5)
  A worm (D:5)
  3 dart slugs
  24 orcs
  A bat (D:3)
  4 endoplasms
  3 giant cockroaches
  9 goblins
  6 hobgoblins
  9 jackals
  10 kobolds
  4 quokkas
  12 ball pythons
  4 frilled lizards
  28 rats
281 creatures vanquished.

Vanquished Creatures (collateral kills)
  2 wights (D:9)
2 creatures vanquished.

Vanquished Creatures (others)
  An orc wizard (D:4)
  10 fungi (D:9)
  4 plants
  4 toadstools (D:9)
19 creatures vanquished.

Grand Total: 302 creatures vanquished

Notes
Turn   | Place    | Note
-------+----------+-------------------------------------------
     0 | D:1      | Arcadio the Barachi Arcane Marksman began the quest for the
                  | Orb.
     0 | D:1      | Reached XP level 1. HP: 15/15 MP: 2/2
   130 | D:1      | Reached XP level 2. HP: 22/22 MP: 3/3
   419 | D:1      | Reached skill level 2 in Fighting
  1035 | D:2      | Reached XP level 3. HP: 27/27 MP: 4/4
  1397 | D:2      | Found a faded altar of an unknown god.
  1590 | D:2      | Prayed at the altar of an unknown god.
  1590 | D:2      | Became a worshipper of Zin the Law-Giver
  1590 | D:2      | Reached * piety under Zin
  1909 | D:2      | Reached XP level 4. HP: 29/34 MP: 3/5
  2079 | D:2      | Reached skill level 3 in Fighting
  2100 | D:2      | Reached ** piety under Zin
  2283 | D:3      | Noticed a water moccasin
  2338 | D:2      | Killed a water moccasin
  2339 | D:2      | Reached XP level 5. HP: 9/42 MP: 4/6
  2679 | D:2      | Reached skill level 4 in Fighting
  3782 | D:4      | Reached XP level 6. HP: 48/48 MP: 7/7
  3788 | D:4      | Found a hazy altar of Hepliaklqana.
  4524 | D:4      | Found a blossoming altar of Fedhas.
  4548 | D:4      | Fell from the grace of Zin
  4548 | D:4      | Became a worshipper of Fedhas Madash
  4799 | D:5      | Entered Level 5 of the Dungeon
  4827 | D:5      | Learned a level 3 spell: Inner Flame
  4831 | D:5      | Learned a level 3 spell: Portal Projectile
  4843 | D:5      | Noticed Sigmund
  5049 | D:5      | Noticed a black bear
  5293 | D:5      | Noticed a black bear
  5348 | D:5      | Noticed a water moccasin
  5723 | D:5      | Reached XP level 7. HP: 55/55 MP: 8/8
  5769 | D:5      | Reached skill level 5 in Fighting
  5769 | D:5      | Reached skill level 5 in Dodging
  6034 | D:5      | Killed Sigmund
  6035 | D:5      | Reached skill level 5 in Ranged Weapons
  6421 | D:5      | Found Buoloiv's Antique Weapon Shop.
  6432 | D:5      | Bought a runed scimitar for 238 gold pieces
  6490 | D:5      | Reached skill level 6 in Fighting
  6490 | D:5      | Reached XP level 8. HP: 13/64 MP: 7/9
  7277 | D:6      | Found a glowing drain.
  7279 | D:6      | Reached * piety under Fedhas
  7290 | Sewer    | Entered a sewer
  7633 | Sewer    | Reached ** piety under Fedhas
  7903 | Sewer    | Reached skill level 7 in Fighting
  8290 | D:6      | Found Rosoemipt's Elemental Accessories.
  8737 | D:5      | Reached XP level 9. HP: 36/73 MP: 10/10
  8942 | D:6      | Found an iron altar of Okawaru.
  9077 | D:6      | Found a staircase to the Ecumenical Temple.
  9097 | D:6      | Reached skill level 8 in Fighting
  9108 | Temple   | Entered the Ecumenical Temple
  9293 | D:6      | Reached *** piety under Fedhas
  9304 | D:6      | Found a shadowy altar of Dithmenos.
  9321 | D:6      | Found an ancient bone altar of Kikubaaqudgha.
  9602 | D:6      | Found a snail-covered altar of Cheibriados.
 10028 | D:7      | Found Poxtauqy's Armour Shop.
 10953 | D:7      | Learned a level 4 spell: Cause Fear
 11257 | D:7      | Reached skill level 9 in Fighting
 11599 | D:8      | Noticed a two-headed ogre
 12724 | D:8      | Reached XP level 10. HP: 59/83 MP: 14/14
 12814 | D:8      | Reached **** piety under Fedhas
 12909 | D:8      | Reached skill level 5 in Hexes
 13349 | D:8      | Noticed a two-headed ogre
 13431 | D:8      | Noticed Prince Ribbit
 13442 | D:8      | Killed Prince Ribbit
 14356 | D:8      | Noticed Grum
 14375 | D:8      | Killed Grum
 14518 | D:9      | Noticed Maurice
 14545 | D:8      | Reached skill level 10 in Fighting
 14883 | D:8      | Killed Maurice
 16791 | D:9      | Found Ririlig's Antique Weapon Boutique.
 16821 | D:9      | Found a hide-covered altar of Uskayaw.
 16822 | D:9      | Found a sparkling altar of Nemelex Xobeh.
 16837 | D:9      | Reached skill level 1 in Invocations
 16855 | D:9      | Reached XP level 11. HP: 71/92 MP: 16/18
 17044 | D:9      | Noticed a two-headed ogre
 17078 | D:9      | Identified the +3 long sword "Aghiecw" {antimagic, *Rage
                  | rPois Stlth+}
 17243 | D:9      | Killed a two-headed ogre
 17244 | D:9      | Reached skill level 11 in Fighting
 17244 | D:9      | Reached skill level 5 in Spellcasting
 17623 | D:9      | Noticed Joseph
 17712 | D:9      | Killed Joseph
 17715 | D:9      | Found a staircase to the Orcish Mines.
 17732 | D:9      | Found Cogot's Antique Armour Emporium.
 17736 | D:9      | Bought a glowing cloak for 225 gold pieces
 17885 | D:9      | Reached ***** piety under Fedhas
 17890 | D:9      | Learned a level 3 spell: Confusing Touch
 18352 | D:10     | Entered Level 10 of the Dungeon
 18979 | D:10     | Noticed Josephine
 19001 | D:10     | Reached skill level 10 in Dodging
 19035 | D:10     | HP: 1/93 [troll (11)]
 19035 | D:10     | Mangled by a troll

Illustrated notes

Levels and vault maps discovered:
D:1:      elethiomel_arrival_maze, layout_basic, due_unseen_surprise
D:2:      wander_river, layout_rooms, hellmonk_ecumenical_altar_lost_god,
          serial_forest, infiniplex_forest_corner_2, infiniplex_forest_fountain,
          infiniplex_forest_clump_medium, infiniplex_forest_clump_cross,
          infiniplex_forest_lined_2, infiniplex_forest_corner_2,
          infiniplex_forest_clump_small
D:3:      layout_basic, serial_aquarium, aquarium_bridge_long_joined
          [aquarium_subvault_bridge, aquarium_subvault_bridge,
          aquarium_subvault_bridge, aquarium_subvault_bridge,
          aquarium_subvault_bridge, aquarium_subvault_bridge],
          aquarium_window_corridor_1, aquarium_window_1, aquarium_view_2f,
          aquarium_view_2e, serial_bayou_pond_d, grunt_decor_mini_mirrors,
          serial_bayou_pond_b
D:4:      layout_basic, mainiacjoe_overflow_small_starburst, fedhas_altar_2
D:5:      layout_loops_corners, serial_shops, shop, uniq_sigmund
D:6:      layout_loops_ring, old_standard_altar, nicolae_overflow_hidden_temple,
          old_standard_altar, okawaru_altar_gauntlet_db,
          minmay_temple_entry_slanted, cheibrodos_sewer_entry_drain,
          nicolae_ossuary_entry_ruins, minmay_misc_feat_rugged,
          minmay_strange_pillars, corner_web_ring, nicolae_elemental_shop,
          hangedman_decor_peaks_small
D:7:      layout_basic, serial_shops, kennysheep_little_box
D:8:      layout_rooms, hangedman_glass_teeth, solitary_fountain, uniq_grum,
          uniq_prince_ribbit1
D:9:      layout_cave_pools, chequers_temple_overflow_statue_of_worship,
          orc_0_dummy, serial_gnoll_camp, gnoll_camp_huts_basic,
          gnoll_camp_medium_02, gnoll_camp_medium_01, gnoll_camp_mini_doghouse,
          gnoll_camp_mini_loothouse, serial_shops, shop, shop_fountains,
          minmay_gold_behind_fungi, uniq_maurice, uniq_joseph
D:10:     layout_roguey, vehumet_crystals, minmay_fractal_squares_diagonal_5,
          uniq_josephine
Temple:   nicolae_temple_god_jail

Skill      XL: |  1  2  3  4  5  6  7  8  9 10 11 |
---------------+----------------------------------+-----
Fighting       | 2 3 4 6 7 9 10 11 | 11.5
Dodging        | 3 4 6 7 8 9 10 | 10.0
Ranged Weapons | 3 4 5 6 7 8 9 |  9.1
Spellcasting   | 2 4 5 |  5.3
Hexes          | 4 5 |  5.6
Invocations    | 1 2 |  2.6

Action                   |  1- 3 |  4- 6 |  7- 9 | 10-12 || total
-------------------------+-------+-------+-------+-------++-------
Melee: Whip              |    32 |     6 |       |       ||    38
       Spear             |       |    97 |    49 |       ||   146
       Scimitar          |       |       |   265 |   200 ||   465
       Punch             |       |       |     3 |     1 ||     4
       Long sword        |       |       |       |   104 ||   104
 Fire: Sling             |    69 |    62 |    14 |       ||   145
       Shortbow          |       |       |   167 |   152 ||   319
 Cast: Slow              |     9 |    12 |    32 |    24 ||    77
Invok: Vitalisation      |       |     1 |       |       ||     1
       Wall of Briars    |       |       |       |     4 ||     4
       Grow Ballistomyce |       |       |       |     1 ||     1
 Abil: Hop               |     1 |     2 |     4 |     7 ||    14
Evoke: Wand              |       |     1 |     3 |       ||     4
  Use: Scroll            |     1 |     6 |     9 |     5 ||    21
       Potion            |       |     1 |     4 |     4 ||     9
 Stab: Sleeping          |       |     1 |     2 |       ||     3
Armor: Robe              |    14 |    30 |   119 |   129 ||   292
       Skin              |       |       |     8 |       ||     8
Dodge: Dodged            |    33 |    65 |   395 |   654 ||  1147
